Cogmind - Beta 13 @@@ ROGUE MODE // 2024.07.01 @ 20:04:20 Player: Val Result: Self-destructed Performance ------------- Evolutions (1) 500 Regions Visited (2) 400 Robots Destroyed (7) 35 Value Destroyed (277) 277 Prototype IDs (0) 0 Alien Tech Used (0) 0 Bonus (200) 200 TOTAL SCORE: 1412 Bonus ------- Pacifist 200 Cogmind --------- Core Integrity 292/400 Matter 265/300 Energy 250/250 System Corruption 0% Temperature Warm (115) Movement Walking (120) Location -9/Materials Parts ------- > --- POWER (1) -------- Ion Engine > --- PROPULSION (3) --- Aluminum Leg Aluminum Leg > --- UTILITY (2) ------ Small Storage Unit Utility Shielding > --- WEAPON (3) ------- Particle Gun Beam Cannon Hammer > --- INVENTORY (8) ---- Aluminum Leg Wheel Compact Wheel Utility Shielding Utility Shielding Grenade Launcher Peak State ------------ > --- POWER ------------ Ion Engine > --- PROPULSION ------- Light Treads Light Treads Aluminum Leg > --- UTILITY ---------- Small Storage Unit Utility Shielding > --- WEAPON ----------- Heavy EM Pulse Gun Heavy EM Pulse Gun Beam Cannon > --- INVENTORY -------- Ion Engine Aluminum Leg Wheel Compact Wheel Medium Laser Light Assault Rifle Grenade Launcher [Rating: 11] Favorites ----------- Power Ion Engine Engine Ion Engine Propulsion Light Treads Treads Light Treads Leg Aluminum Leg Utility Small Storage Unit Storage Small Storage Unit Protection Utility Shielding Weapon Beam Cannon Energy Gun Heavy EM Pulse Gun Energy Cannon Beam Cannon Ballistic Gun Light Assault Rifle Launcher Grenade Launcher Impact Weapon Hammer Build | -11 -10 -9 ------- Run | Yrd Mat Mat Slots Evolved 2 | . . 2 Power . | . . . Propulsion 1 | . . 1 Utility . | . . . Weapon 1 | . . 1 Parts Attached 20 | 6 2 12 Power 2 | 1 . 1 Engine 2 | 1 . 1 Core . | . . . Reactor . | . . . Propulsion 6 | 2 . 4 Treads 2 | 2 . . Leg 4 | . . 4 Wheel . | . . . Hover . | . . . Flight . | . . . Utility 2 | 1 . 1 Device . | . . . Storage 1 | 1 . . Processor . | . . . Hackware . | . . . Protection 1 | . . 1 Artifact . | . . . Weapon 10 | 2 2 6 Energy Gun 5 | 1 . 4 Energy Cannon 2 | . 1 1 Ballistic Gun 1 | 1 . . Ballistic Cannon . | . . . Launcher 1 | . 1 . Special Weapon . | . . . Impact Weapon 1 | . . 1 Slashing Weapon . | . . . Piercing Weapon . | . . . Special Melee Weapon . | . . . Unidentified Prototypes . | . . . Parts Lost 5 | . . 5 Power 1 | . . 1 Propulsion 2 | . . 2 Utility . | . . . Weapon 2 | . . 2 Highest Loss Streak 4 | . . 4 To Critical Strikes . | . . . Average Slot Usage (%) 91 | . 85 95 Engine 11 | . 14 10 Treads 17 | . 28 11 Leg 12 | . . 20 Storage 12 | . 14 11 Protection 6 | . . 10 Energy Gun 9 | . 2 14 Energy Cannon 7 | . 3 9 Ballistic Gun 4 | . 10 . Launcher 4 | . 11 . Impact Weapon 4 | . . 6 Naked Turns . | . . . Heaviest Build 20 | 13 16 20 Greatest Support 40 | 40 40 40 Greatest Overweight (x) . | . . . Average Overweight (x) . | . . . Largest Inventory Capacity 8 | 8 8 8 Average Capacity 7 | 7 8 8 Most Carried 8 | 6 8 8 Average Carried 6 | 4 6 6 Final Capacity 8 | 8 8 8 Final Carried 7 | 6 7 6 Class Distribution -------------------- 49% | Mutant 26% | Scavenger-Mutant 23% | Tank Dominant Class ---------------- Mutant | -10/Materials Scavenger-Mutant | -9/Materials Resources | -11 -10 -9 ----------- Run | Yrd Mat Mat Matter Collected 340 | 234 . 106 Remotely . | . . . Salvage Created 357 | . . 357 Parts 19 | . . 19 Haulers Intercepted . | . . . Recyclers Shooed . | . . . Parts Field Recycled . | . . . Retrieved Matter . | . . . Parts Self-Destructed . | . . . Prevented . | . . . Kills | -11 -10 -9 ------- Run | Yrd Mat Mat Combat Hostiles Destroyed 7 | . . 7 Guns 6 | . . 6 Classes Destroyed 3 | . . 3 Grunt 5 | . . 5 Brawler 1 | . . 1 Sentry 1 | . . 1 Best Kill Streak 3 | . . 3 Combat Bots Only 3 | . . 3 Max Kills in Single Turn 1 | . . 1 Gunslinging . | . . . Exploded . | . . . Melee . | . . . Uniques/NPCs Destroyed . | . . . Combat | -11 -10 -9 -------- Run | Yrd Mat Mat Hostile Shots Fired 52 | . . 52 Missed 8 | . . 8 Damage Taken 623 | . . 623 Core 108 | . . 108 Absorbed by Shields . | . . . Redirected to Shielding 8 | . . 8 Core Remaining (%) 100 | 100 100 . Volleys Fired 33 | . . 33 Largest 3 | . . 3 Hottest 150 | . . 150 Shots Fired 67 | . . 67 Gun 49 | . . 49 Cannon 18 | . . 18 Launcher . | . . . Special . | . . . Kinetic . | . . . Thermal 27 | . . 27 Explosive . | . . . Electromagnetic 40 | . . 40 Robot Hit Streak 4 | . . 4 Robot Miss Streak 6 | . . 6 Penetration Max . | . . . Secondary Targets 1 | . . 1 Max Gunslinging Chain 1 | . . 1 Shots Hit Robots 35 | . . 35 Core Hits 10 | . . 10 Critical Kills . | . . . Critical Parts Destroyed 1 | . . 1 Critical Strikes 3 | . . 3 Corrupt 2 | . . 2 Smash 1 | . . 1 Melee Attacks 1 | . . 1 Impact 1 | . . 1 Slashing . | . . . Piercing . | . . . Sneak Attacks . | . . . Combat Hostiles . | . . . Follow-up Attacks . | . . . Damage Inflicted 533 | . . 533 Guns 371 | . . 371 Cannons 138 | . . 138 Explosions . | . . . Melee 24 | . . 24 Ramming . | . . . Kinetic . | . . . Thermal 216 | . . 216 Explosive . | . . . Electromagnetic 293 | . . 293 Impact 24 | . . 24 Slashing . | . . . Piercing . | . . . Highest Corruption . | . . . Average Corruption . | . . . Corruption Purged . | . . . Corruption Blocked . | . . . Overload Shots . | . . . Overflow Damage 24 | . . 24 Projectiles . | . . . Explosions . | . . . Melee 24 | . . 24 Knockbacks . | . . . Impact . | . . . Kinetic . | . . . Secondary . | . . . Self-Inflicted Damage . | . . . Shots . | . . . Rammed . | . . . Targets Rammed . | . . . Kicked . | . . . Crushed . | . . . Highest Temperature 454 | . . 454 Average Temperature 205 | . . 205 Received Heat Transfer 261 | . . 261 Effects 5 | . . 5 Shutdowns 1 | . . 1 Energy Bleed 1 | . . 1 Damage (major) 3 | . . 3 Siege Activations . | . . . Robots Corrupted 1 | . . 1 Combat Hostiles 1 | . . 1 Parts Fried 3 | . . 3 Impact Corruptions 1 | . . 1 Robots Melted . | . . . Combat Hostiles . | . . . Parts Melted . | . . . Heat Transferred 481 | . . 481 Parts Sabotaged . | . . . Parts Stolen . | . . . Parts Stripped . | . . . Power Chain Reactions . | . . . Alert | -11 -10 -9 ------- Run | Yrd Mat Mat Peak Influence 192 | . . 192 Initial . | . . . Average 57 | . . 106 Maximum Alert Level . | . . . Low Security (%) 100 | 100 100 100 Level 1 . | . . . Level 2 . | . . . Level 3 . | . . . Level 4 . | . . . Level 5 . | . . . High Security . | . . . Max Security . | . . . Squads Dispatched 1 | . . 1 Investigation . | . . . Extermination . | . . . Reinforcement 1 | . . 1 Assault . | . . . Garrison . | . . . Intercept . | . . . Searches Triggered . | . . . Construction Impeded . | . . . Haulers Reinforced . | . . . Active Scanning Responses . | . . . Cargo Convoy Interrupts . | . . . Stealth | -11 -10 -9 --------- Run | Yrd Mat Mat Distress Signals 2 | . . 2 Communications Jammed . | . . . Distress Signals . | . . . Times Spotted 18 | . 1 17 Peak Tracking Total 6 | . 1 6 Tactical Retreats 2 | . . 2 Traps | -11 -10 -9 ------- Run | Yrd Mat Mat Traps Triggered . | . . . Indirectly . | . . . Trap Hack Attempts . | . . . Triggered . | . . . Disarmed . | . . . Reprogrammed . | . . . Reused . | . . . Traps Extracted . | . . . Installed . | . . . Triggered . | . . . Machines | -11 -10 -9 ---------- Run | Yrd Mat Mat Machines Disabled . | . . . Max in Single Turn . | . . . Machines Repaired . | . . . Machines Dismantled . | . . . Machines Sabotaged . | . . . Overloaded Fab Kills . | . . . Hacking | -11 -10 -9 --------- Run | Yrd Mat Mat Machines Accessed . | . . . Terminals . | . . . Fabricators . | . . . Repair Stations . | . . . Recycling Units . | . . . Scanalyzers . | . . . Garrison Access . | . . . Total Hacks . | . . . Successful . | . . . Failed . | . . . Catastrophic . | . . . Database Lockouts . | . . . Manual . | . . . Terminals . | . . . Fabricators . | . . . Repair Stations . | . . . Recycling Units . | . . . Scanalyzers . | . . . Garrison Access . | . . . Terminal Hacks . | . . . Fabricator Hacks . | . . . Repair Station Hacks . | . . . Recycling Unit Hacks . | . . . Scanalyzer . | . . . Garrison Access Hacks . | . . . Unauthorized Hacks . | . . . Terminals . | . . . Fabricators . | . . . Repair Stations . | . . . Recycling Units . | . . . Scanalyzers . | . . . Garrison Access . | . . . Data Cores Recovered . | . . . Used . | . . . Hacking Detections . | . . . Full Trace Events . | . . . Feedback Events . | . . . Feedback Blocked . | . . . Robot Schematics Acquired . | . . . Robots Built . | . . . Authchips . | . . . Time . | . . . Total Robot Build Rating . | . . . Part Schematics Acquired . | . . . Parts Built . | . . . Authchips . | . . . Time . | . . . Total Part Build Rating . | . . . Parts Repaired . | . . . Time . | . . . Parts Recycled . | . . . Recycled Matter . | . . . Retrieved Matter . | . . . Retrieved Components . | . . . Parts Scanalyzed . | . . . Part Schematics Acquired . | . . . Parts Damaged . | . . . Bothacking | -11 -10 -9 ------------ Run | Yrd Mat Mat Used RIF Installer . | . . . Robots Hacked . | . . . Non-combat . | . . . Combat . | . . . Robot Hacks Applied . | . . . Relay Couplers Released . | . . . Fabnet Peak Effective % . | . . . Robots Rewired . | . . . Allies Hacked . | . . . Hacks Repelled . | . . . Allies | -11 -10 -9 -------- Run | Yrd Mat Mat Total Allies . | . . . Largest Group . | . . . Highest-Rated Group . | . . . Highest-Rated Ally . | . . . Total Orders . | . . . Ally Attacks . | . . . Total Damage . | . . . Kills . | . . . Allies Corrupted . | . . . Allies Melted . | . . . Intel | -11 -10 -9 ------- Run | Yrd Mat Mat Robot Analysis Total . | . . . Derelict Logs Recovered . | . . . Drone Launches . | . . . Drone Recoveries . | . . . Exploration | -11 -10 -9 ------------- Run | Yrd Mat Mat Turns Passed 521 | 77 164 280 Spaces Moved 249 | 41 96 112 Core 3 | 3 . . Treads 166 | 38 96 32 Legs 80 | . . 80 Wheels . | . . . Hover . | . . . Flight . | . . . Fastest Speed 50 | 50 160 120 Average Speed 145 | 151 160 131 Slowest Speed 160 | 160 160 160 Overloaded Moves . | . . . Propulsion Burnouts . | . . . Robots Hopped . | . . . Cave-ins Triggered . | . . . Exploration Rate (%) 11 | 4 22 7 Regions Visited 2 Branch Regions . Pre-discovered Areas . | . . . Known Exits Taken . | . . . Unknown Exits Taken 2 | 1 1 . Scrap Searched . | . . . Spaces Dug . | . . . Terrain Destroyed . | . . . Melee . | . . . Projectile . | . . . AOE . | . . . Terrain Rammed . | . . . Walls Destroyed . | . . . Machines Disabled . | . . . Actions | -11 -10 -9 --------- Run | Yrd Mat Mat Total 342 | 53 107 182 Wait 16 | . 5 11 Move 247 | 40 95 112 Hop . | . . . Pick Up 19 | 7 3 9 Fast Attach 6 | 5 . 1 Attach 9 | 1 . 8 Detach . | . . . Swap 5 | . 2 3 Drop 6 | . 2 4 Fire 33 | . . 33 Melee 1 | . . 1 Ram . | . . . Kick . | . . . Crush . | . . . Escape Stasis . | . . . Rewire . | . . . Trap . | . . . Miscellaneous . | . . . Route ------- -11/Scrapyard -10/Materials -9/Materials History --------- Turn | Location | Event 27 | -11/Scrapyard | Discovered new exit (range 16) 78 | -11/Scrapyard | Entered Materials 233 | -10/Materials | Discovered new exit (range 6) 242 | -10/Materials | Entered another Materials area 242 | -9/Materials | Evolved 2 slots: Propulsion x1, Weapon x1 406 | -9/Materials | Lost 4 parts (1p1n2w) 522 | -9/Materials | Self-destructed Last Messages --------------- 00385_ Acquired Aluminum Leg. 00387_ Dropped Lgt. Treads. 00387_ R-06 Scavenger collects Lgt. Treads. 00391_ Acquired Aluminum Leg. 00393_ K-01 Serf collects debris. 00395_ Acquired Particle Gun. 00401_ Acquired 46 matter. 00402_ R-06 Scavenger collects Heat Sink. 00406_ R-06 Scavenger collects Ion Engine. 00431_ G-34 Mercenary destroyed. 00435_ Acquired Aluminum Leg. 00463_ O-16 Technician sends out distress signal. 00463_ O-16 Technician: "IFF HANDSHAKE FAILED. SECURING TERMINAL." 00468_ ALERT: Hostiles spotted, dispatching reinforcements to Terminal M005. 00513_ Aluminum Leg destroyed. 00516_ G-47 Trooper destroyed. 00521_ R-06 Scavenger collects Particle Gun. Map ----- +----------------------------------------------------+ | ?????????????????????????????????????????????????? | | ?????????????????????????????????????????????????? | | ?????????????????????????????????????????????????? | | ?????????????????????????????????????????????????? | | ?????????????????????????????????????????????????? | | ?????????????????????????????????????????????????? | | ?????????????????????????????????????????????????? | | ?????????????????????????????????????????????????? | | ?????????????????????????????????????????????????? | | ??????????????????????????????????????????????? % | | ??????????????????????? ????????????????????? | | ??????????????????????# ????????????????????? | | ??????????????????????#u ????????????????????? | | ??????????????????????# ????????????????????# | | ??????????????????????# ????????????????????+ | | ??????????????????????# ????????????????????# | | ??????????????????????# #???????????????????# | | ??????????????????????# %#???????????????????# | | ??????????????????????# #???????????????????# | | ??????????????????????# g #???????????????????# | | ??????????????????????# g #???????????????????# | | ??????????????????????+ #???????????????????# | | ??????????????????????# a #############???????# | | ??????????????????????# # ######### | | ???????????????######## # """ """ / | | ???????????????# @#= """ """ ##########+# | | ???????????????# %;% """ """ #????# | | ???????????????# r u % # r #????# | | ?????????? + ##### ## #????# """ | | ???????????? ?# #???# ## ! #????# """" | | ???????????????# #???# ##############????# """" | | ???????????????# #####+##????????????????# """" | | ???????????????# # != #????????????????# """ | | ???????????????# #[% =!%#????????????????# | | ???????????????# #% ! =#????????????????####### | | ???????????????# + ! #??????????????????????? | | ???????????????# # ! #??????????????????????? | | ???????????????# # #??????????????????????? | | ???????????????# ########??????????????????????? | | ???????????????#####?????????????????????????????? | | ?????????????????????????????????????????????????? | | ?????????????????????????????????????????????????? | | ?????????????????????????????????????????????????? | | ?????????????????????????????????????????????????? | | ?????????????????????????????????????????????????? | | | | | | | | | | | +----------------------------------------------------+ Best States ------------- Heat Dissipation 28 Energy Generation 10 Energy Capacity 250 Matter Stores 274 Matter Capacity 300 Sight Range 16 Terrain Scan Density 10 Utility Shielding 33 Evasion (%) 55 Recoil Reduction 2 Item Schematics ----------------- None Robot Schematics ------------------ None Fabricated ------------ Nothing Alien Tech Used ----------------- None Achievements -------------- Power Corrupts Challenges ------------ None Game ------ Seed RemoteCompositeRecalibrator Manual? 0 Play Time 00:08:27 Cumulative 3.5 hours Start 2024.07.01 @ 16:09:18 End 2024.07.01 @ 20:04:20 Sessions 3 Manual Loads 0 Difficulty Rogue Special Mode None Game No. 6 Rogue 6 Adventurer 0 Explorer 0 Win Type - Total 0 Types 0/0/0/0/0/0/0/0/0 Lore% 2 Gallery% 8 Achievement% 7 Wizard Run 0 Options --------- Layout 1 ASCII 0 Keyboard 0 Movement Mouse Keybinds 0 Fullscreen 1 Font 24/Smallcaps Map View 50x35 Zoom Use 0% Tactical HUD 1 Map Filters NONE Filters NONE Steam 1 RUN: 018e23bd-8c90-4b45-978b-9c4544b4d0f7